[Event "*** Biggest EVER Titled Tuesday"]
[Site "Chess.com"]
[Date "2018.04.17"]
[Round "7"]
[White "bugsbunny444"]
[Black "bascheyaro"]
[Result "0-1"]
[WhiteElo "2418"]
[BlackElo "2662"]
[TimeControl "180+2"]
[EndTime "14:37:31 PDT"]
[Termination "bascheyaro won on time"]

1. Nf3 d5 2. c4 c6 3. g3 Nf6 4.
Bg2 Bf5 5. cxd5 cxd5 6. Qb3 Qb6 7. Nc3 Qxb3 8. axb3 Nc6 9. d3 e6 10. O-O a6 11.
Be3 Be7 12. Nd4 Nxd4 13. Bxd4 O-O 14. e4 dxe4 15. dxe4 Bg6 16. Rfd1 Bh5 17. e5 Nd5 18. Nxd5 exd5 19. Rdc1 Rac8 20. Bh3 Rxc1+ 21. Rxc1 Bf3 22. Rc7 Re8 23. Rc8 Rxc8 24. Bxc8 b5 25. Bxa6 b4 26. Bb7 g5 27. Kf1 h5 28. Ke1 h4 29. Kd2 g4 30.
Ba6 h3 31. Be2 Bxe2 32. Kxe2 Kg7 33. f3 gxf3+ 34. Kxf3 Kg6 35. Kg4 Bg5 36. Bc5 Bd2 37. Bd4 Bc1 38. Bc5 Bxb2 39. Bxb4 Bxe5 40. Kxh3 Kf5 41. Kg2 Ke4 42. h4 f5 43. h5 d4 44.
h6 d3 45. Kf2 Bd4+ 46. Ke1 Ke3 47. Bf8 Be5 0-1

[Event "*** Biggest EVER Titled Tuesday"]
[Site "Chess.com"]
[Date "2018.04.17"]
[Round "7"]
[White "Marcus_Harvey"]
[Black "AlexTriapishko"]
[Result "0-1"]
[WhiteElo "2619"]
[BlackElo "2694"]
[TimeControl "180+2"]
[EndTime "14:37:32 PDT"]
[Termination "AlexTriapishko won by resignation"]

1. Nf3 d5 2. c4 d4 3. b4 g6 4. d3 Bg7 5. g3 e5 6. Bg2 Ne7 7. O-O O-O 8. a4 a5 9. b5 c5 10. Nbd2 Ra7 11. b6 Qxb6 12. Rb1 Qc7 13. Ba3 Na6 14. Ne1 Nb4 15. Bc1 b6 16. Nc2 Nxc2 17. Qxc2 Nc6 18. Ra1 Nb4 19. Qd1 Bb7 20. Nb1 Bxg2 21.
Kxg2 Qc6+ 22. Kg1 e4 23. Na3 Re8 24. Nb5 Rae7 25. Bf4 f5 26. f3 exd3 27. exd3 Re3 28. Bxe3 dxe3 29. Qe2 Bxa1 30. Rxa1 f4 31. gxf4 Qf6 32.
Re1 Qxf4 33. Nc3 Qd4 34. Ne4 Nxd3 35. Rd1 Nf4 36. Qe1 Qb2 0-1

[Event "*** Biggest EVER Titled Tuesday"]
[Site "Chess.com"]
[Date "2018.04.17"]
[Round "7"]
[White "MrRooke6"]
[Black "Denis0027"]
[Result "1-0"]
[WhiteElo "2407"]
[BlackElo "2296"]
[TimeControl "180+2"]
[EndTime "14:37:33 PDT"]
[Termination "MrRooke6 won by resignation"]

1. d4 d5 2. c4 e6 3. Nf3 Nf6 4.
Nc3 Bb4 5. Qa4+ Nc6 6. Bg5 h6 7. Bxf6 Qxf6 8. e3 O-O 9. Be2 Rd8 10. O-O a6 11. Rfd1 dxc4 12. Bxc4 Bd7 13. Qc2 b5 14. Bd3 e5 15. Nd5 Qd6 16. dxe5 Qf8 17. Bh7+ Kh8 18.
Be4 Ba5 19. Rac1 Rac8 20. a3 b4 21. axb4 Bxb4 22. Nxb4 Nxb4 23. Qc4 c5 24. Bb7 Bb5 25.
Qh4 Rb8 26. Be4 Re8 27. Rd6 Be2 28. Qf4 Rbd8 29. Rxc5 Bxf3 30. gxf3 Rc8 31. Qf5 g6 32. Qf6+ Kg8 33. Rxc8 Rxc8 34. e6 fxe6 35. Qxe6+ Kh8 36.
Qe5+ Qg7 37. Qxg7+ Kxg7 38. Rxg6+ Kf7 39. Rxh6 a5 40.
Rh5 Rc1+ 41. Kg2 Ra1 42. Rb5 Ra4 43. h4 Na2 44. Bd5+ Kf6 45. Bxa2 Rxa2 46. h5 1-0

[Event "*** Biggest EVER Titled Tuesday"]
[Site "Chess.com"]
[Date "2018.04.17"]
[Round "7"]
[White "Msb2"]
[Black "gmjlh"]
[Result "0-1"]
[WhiteElo "2695"]
[BlackElo "2580"]
[TimeControl "180+2"]
[EndTime "14:37:40 PDT"]
[Termination "gmjlh won by resignation"]

1. d4 d5 2. c4 e6 3. Nf3 Nf6 4. g3 Be7 5. Bg2 O-O 6. O-O dxc4 7. Qc2 a6 8. Rd1 c5 9. dxc5 Qc7 10. Na3 Bxc5 11. Nxc4 b5 12. Bf4 Qa7 13. Ne3 Bb7 14. Ng5 Bxg2 15. Ng4 Ne4 16. Nxe4 Bxe4 17. Qxe4 Nd7 18.
Bh6 Kh8 19. Be3 Bxe3 20. Qxe3 h5 21. Qxa7 Rxa7 22. Ne3 Rc8 23. Rd6 Nf6 24. f3 g5 25.
Kf2 Kg7 26. Rad1 Kf8 27. Rb6 Ke7 28. Rdd6 Rca8 29. Nf5+ Ke8 30. Nd4 Nd7 31. Rbc6 Ke7 32. Nb3 Ne5 33. Rb6 Nc4 34. Rdc6 Nxb6 35. Rxb6 Kd7 36.
Na5 Rc8 37. Ke3 Rc2 38. Kd3 Rxb2 39. Rb8 Rxa2 40. Nb3 Rc7 41. Rg8 Ra3 0-1

[Event "*** Biggest EVER Titled Tuesday"]
[Site "Chess.com"]
[Date "2018.04.17"]
[Round "7"]
[White "Iball95"]
[Black "GMVallejo"]
[Result "0-1"]
[WhiteElo "2553"]
[BlackElo "2760"]
[TimeControl "180+2"]
[EndTime "14:37:41 PDT"]
[Termination "GMVallejo won by resignation"]

1. d4 f5 2. Bf4 Nf6 3. e3 e6 4. Nf3 b6 5. h3 Bb7 6. Nbd2 Bd6 7. Bxd6 cxd6 8. Be2 O-O 9. O-O d5 10. a4 Nc6 11. c3 Ne4 12. Ne5 Nxe5 13. dxe5 Qc7 14.
f4 Nxd2 15. Qxd2 d6 16. exd6 Qxd6 17. a5 Rfb8 18. Qd4 Qc5 19. axb6 axb6 20. Kf2 Qxd4 21. exd4 Bc6 22. Ke3 Rxa1 23. Rxa1 Ra8 24. Rxa8+ Bxa8 25. Kd2 Kf7 26. Kc2 Ke7 27. Kb3 Kd6 28. Kb4 Bc6 29. Bb5 Bb7 30. g3 h6 31. Be2 g5 32. b3 Bc6 33.
Bf3 Bd7 34. c4 gxf4 35. gxf4 dxc4 36. bxc4 Be8 37. c5+ Kc7 38. Kc3 Bd7 39. Kb4 Be8 40. Be2 Bc6 41. Bc4 Bd7 42. Bb5 Bc8 43. Kc3 Bb7 44.
Kd3 Bg2 45. h4 Bf1+ 46. Kc3 Bxb5 47. d5 bxc5 0-1

[Event "*** Biggest EVER Titled Tuesday"]
[Site "Chess.com"]
[Date "2018.04.17"]
[Round "7"]
[White "AndrewDGreen"]
[Black "BergenChessAcademy"]
[Result "1-0"]
[WhiteElo "2151"]
[BlackElo "2191"]
[TimeControl "180+2"]
[EndTime "14:37:42 PDT"]
[Termination "AndrewDGreen won by resignation"]

1. d4 Nf6 2. Nf3 g6 3. Nc3 Bg7 4. e4 d6 5. Be3 O-O 6. Qd2 Na6 7. Bh6 c5 8. O-O-O cxd4 9. Nxd4 Qa5 10. h4 Nc5 11. f3 Na4 12. Nxa4 Qxa4 13. Kb1 Ne8 14. h5 e5 15. Nb5 Be6 16. b3 Qa6 17. Nc7 Qc6 18.
Nxa8 f5 19. hxg6 hxg6 20. Bxg7 Nxg7 21. Qh6 Kf7 22. exf5 gxf5 23. Qg5 Rxa8 24. Rh7 Rg8 25. Bd3 Qd7 26. g4 Qe7 27. Qxe7+ Kxe7 28. gxf5 Bd5 29. Rg1 Kf6 30. Rg6+ Kf7 31. f6 e4 32. Rgxg7+ Rxg7 33. Rxg7+ Kxf6 34. fxe4 Kxg7 35. exd5 1-0

[Event "*** Biggest EVER Titled Tuesday"]
[Site "Chess.com"]
[Date "2018.04.17"]
[Round "7"]
[White "vovachesss"]
[Black "jcibarra"]
[Result "0-1"]
[WhiteElo "2364"]
[BlackElo "2601"]
[TimeControl "180+2"]
[EndTime "14:37:43 PDT"]
[Termination "jcibarra won on time"]

1. e4 e5 2. Nf3 Nc6 3. Nc3 Nf6 4. d4 exd4 5. Nxd4 Bb4 6. Nxc6 bxc6 7. Bd3 O-O 8. O-O Re8 9. Qf3 Bd6 10. h3 Rb8 11. b3 Be5 12. Bb2 d5 13. exd5 cxd5 14.
Rad1 Rb4 15. Rfe1 Rf4 16. Qg3 Nh5 17. Qe3 d4 18. Qd2 dxc3 19. Bxc3 Qf6 20. Bxe5 Rxe5 21. Be2 g6 22. Bxh5 Kg7 23. Rxe5 Qxe5 24. Re1 Qf6 25. Bd1 Bb7 26. Qe3 Re4 27. Qd2 Qd4 28. Qxd4+ Rxd4 29. f3 Rd2 30. Kf1 a5 0-1

[Event "*** Biggest EVER Titled Tuesday"]
[Site "Chess.com"]
[Date "2018.04.17"]
[Round "7"]
[White "Cryptochess"]
[Black "ChadBiryani"]
[Result "1-0"]
[WhiteElo "2412"]
[BlackElo "2250"]
[TimeControl "180+2"]
[EndTime "14:37:47 PDT"]
[Termination "Cryptochess won by resignation"]

1. e4 c5 2. d4 d6 3. dxc5 Qa5+ 4. Nc3 Qxc5 5. Be3 Qb4 6. a3 Qa5 7. b4 Qd8 8. e5 g6 9. exd6 Bg7 10. Bd4 e5 11.
Be3 Nc6 12. Bc4 Nd4 13. Nb5 Nxb5 14. Bxb5+ Bd7 15. Bxd7+ Qxd7 16. c4 a5 17. c5 Nf6 18.
Ne2 Ng4 19. O-O Nxe3 20. fxe3 O-O 21. e4 axb4 22. axb4 Rxa1 23. Qxa1 Qb5 24. Qb2 Qc4 25. Nc3 b6 26. cxb6 Qd4+ 27. Kh1 Qxb6 28. Rd1 Rd8 29.
d7 Qc6 30. b5 Qb7 31. b6 Bh6 32. Qb5 Bf4 33. Nd5 Kg7 34. Nxf4 exf4 35. Qe5+ Kf8 36. Qc7 Qb8 37. Qxb8 Rxb8 1-0

[Event "*** Biggest EVER Titled Tuesday"]
[Site "Chess.com"]
[Date "2018.04.17"]
[Round "7"]
[White "BillForster"]
[Black "talento10"]
[Result "0-1"]
[WhiteElo "1613"]
[BlackElo "2327"]
[TimeControl "180+2"]
[EndTime "14:37:48 PDT"]
[Termination "talento10 won by resignation"]

1. d4 Nf6 2. c4 e6 3. g3 d5 4. Bg2 Bb4+ 5. Bd2 Be7 6. Nf3 O-O 7. O-O Nbd7 8. Qc2 c6 9. b3 Ne4 10. Nc3 f5 11. Nd1 g5 12. Nb2 g4 13.
Ne5 Nxe5 14. dxe5 Nxd2 15. Qxd2 a5 16. Rfd1 Bg5 17. Qc2 Qe7 18. Nd3 h5 19. e3 h4 20. Nf4 Qh7 21. cxd5 exd5 22. Rac1 Bxf4 23. exf4 Be6 24. Qc5 Rf7 25. Rd2 Kg7 26. Rdc2 Rh8 27. Bf1 Ra8 28. Qb6 Qh5 29. Rc5 a4 30. b4 d4 31. a3 Bb3 32. b5 Rh8 33. bxc6 hxg3 0-1

[Event "*** Biggest EVER Titled Tuesday"]
[Site "Chess.com"]
[Date "2018.04.17"]
[Round "7"]
[White "fyall777"]
[Black "ahmadzada13"]
[Result "0-1"]
[WhiteElo "2360"]
[BlackElo "2560"]
[TimeControl "180+2"]
[EndTime "14:37:50 PDT"]
[Termination "ahmadzada13 won on time"]

1. e4 e6 2. d4 d5 3. exd5 exd5 4. Nf3 Nc6 5. h3 Bd6 6. c4 dxc4 7. Bxc4 Nf6 8. O-O O-O 9. Nc3 h6 10. Re1 Bf5 11. a3 Re8 12. Be3 Qd7 13. d5 Ne5 14. Bb5 c6 15. dxc6 bxc6 16. Nxe5 Rxe5 17. Bf1 Rae8 18.
Qd2 Qc7 19. Rad1 R5e6 20. Bc4 Bh2+ 21. Kh1 Rd6 22. Qc1 Rxd1 23. Qxd1 Bf4 24. Qf3 Bxe3 25. Rxe3 Rxe3 26. Qxe3 Qd7 27. b4 Kf8 28. a4 Kg8 29. b5 cxb5 30. Nxb5 a6 31. Nd4 Bg6 32. a5 Qc7 33.
Qc3 Ne4 34. Qb4 Nxf2+ 35. Kg1 Qg3 36. Kf1 Nd1 37. Qd2 Ne3+ 38. Kg1 Nxc4 0-1

[Event "*** Biggest EVER Titled Tuesday"]
[Site "Chess.com"]
[Date "2018.04.17"]
[Round "7"]
[White "hilary444"]
[Black "Cecile-Haussernot"]
[Result "1-0"]
[WhiteElo "2524"]
[BlackElo "2325"]
[TimeControl "180+2"]
[EndTime "14:37:53 PDT"]
[Termination "hilary444 won by checkmate"]

1. e4 c5 2. Nf3 d6 3. d4 cxd4 4. Nxd4 Nf6 5. Nc3 a6 6. h3 e5 7. Nde2 b5 8. g4 b4 9. Nd5 Nxd5 10. Qxd5 Ra7 11. Be3 Be6 12. Qd2 Bc8 13. Bxa7 Nc6 14. Be3 Be6 15. Bg2 Qd7 16. Ng3 g6 17. O-O h5 18.
gxh5 Bxh3 19. Bxh3 Qxh3 20. Qd5 Nd8 21. Bg5 Rxh5 22. Nxh5 Qxh5 23. f4 Qg4+ 24. Kf2 exf4 25. Rg1 Qh3 26. Qd3 Qh5 27. Bxd8 Kxd8 28. Raf1 Be7 29.
Ke1 Qh2 30. Qd2 Qh5 31. Qe2 Qe5 32. Qxa6 Qxb2 33. Qd3 Qxa2 34. Ke2 Qe6 35. Ra1 Bf6 36. Ra8+ Ke7 37. Ra7+ Kf8 38. Qd5 Qh3 39. Qxf7# 1-0

[Event "*** Biggest EVER Titled Tuesday"]
[Site "Chess.com"]
[Date "2018.04.17"]
[Round "7"]
[White "WarlordX"]
[Black "djano"]
[Result "1-0"]
[WhiteElo "2302"]
[BlackElo "2442"]
[TimeControl "180+2"]
[EndTime "14:37:54 PDT"]
[Termination "WarlordX won on time"]

1. Nf3 g6 2. d4 Bg7 3. c4 Nf6 4.
Nc3 d5 5. Bf4 O-O 6. e3 c5 7. Be2 cxd4 8. Nxd4 dxc4 9. O-O Nbd7 10.
Bg3 Nb6 11. a4 Nbd5 12. Bxc4 Nxc3 13. bxc3 Ne4 14. Rc1 Bd7 15. Bb5 Rc8 16. Qd3 Bxb5 17. Qxb5 Nxc3 18. Qd3 Bxd4 19. exd4 Qxd4 20. Qf3 b6 21.
Rfe1 Nxa4 22. Rxc8 Rxc8 23. Qb7 Qc3 24. Rd1 e6 25. h4 h5 26. Qxa7 b5 27. Rd7 Rf8 28. Bd6 Qc1+ 29. Kh2 Qh6 30. Bxf8 Qf4+ 31. g3 Qxf2+ 32. Qxf2 1-0

[Event "*** Biggest EVER Titled Tuesday"]
[Site "Chess.com"]
[Date "2018.04.17"]
[Round "7"]
[White "GMMatamoros"]
[Black "Dr-Bassem"]
[Result "0-1"]
[WhiteElo "2508"]
[BlackElo "2715"]
[TimeControl "180+2"]
[EndTime "14:38:01 PDT"]
[Termination "Dr-Bassem won by checkmate"]

1. Nf3 f5 2. c4 Nf6 3. g3 e6 4.
Bg2 Be7 5. O-O O-O 6. b3 d6 7. d4 Qe8 8. Bb2 Qg6 9. Nbd2 Nc6 10. e3 Bd7 11. Qe2 Rae8 12. a3 Bd8 13. b4 a6 14.
Rac1 Ne4 15. Nxe4 fxe4 16. Nd2 d5 17. b5 axb5 18. cxd5 exd5 19. Qxb5 Qd6 20. Qxb7 Bg5 21. Qb3 Rb8 22. Qa2 Kh8 23. Nb3 Ne7 24. Nc5 Bb5 25.
Rfe1 Qf6 26. Bc3 Bc4 27. Qd2 Qf5 28. Bb4 Rf7 29. Nxe4 dxe4 30. Rxc4 Nd5 31. Qc2 h5 32. Qxe4 Qxf2+ 33. Kh1 Nxe3 34. Rcc1 Nxg2 35. Qxg2 Bxc1 36.
Qxf2 Rxf2 37. Rxc1 Re8 38. Rc5 Ree2 39. Rxh5+ Kg8 40.
Rc5 Rf1# 0-1

[Event "*** Biggest EVER Titled Tuesday"]
[Site "Chess.com"]
[Date "2018.04.17"]
[Round "7"]
[White "AkshatChandra"]
[Black "OparinGrigoriy"]
[Result "1-0"]
[WhiteElo "2813"]
[BlackElo "2860"]
[TimeControl "180+2"]
[EndTime "14:38:02 PDT"]
[Termination "AkshatChandra won by resignation"]

1. e4 e5 2. Nf3 Nc6 3. Bb5 a6 4. Ba4 Nf6 5. O-O Be7 6. d3 b5 7.
Bb3 d6 8. a3 Na5 9. Ba2 c5 10.
Nc3 Nc6 11. Nd5 O-O 12. c3 Be6 13. Nxf6+ Bxf6 14. Bxe6 fxe6 15. b4 c4 16. dxc4 bxc4 17. Qe2 d5 18. Rd1 Ra7 19. a4 Rd7 20. b5 Na5 21. Ba3 Re8 22. bxa6 d4 23. cxd4 exd4 24. e5 d3 25. Qe4 Be7 26. Bxe7 Qxe7 27. Rab1 Rc8 28. h4 h6 29. Rb5 Nb3 30. Rb7 Rdc7 31. Qxc4 Rxc4 32. Rxe7 Nc5 33. a7 Rxa4 34. Rc1 Kf8 35.
Rd7 Ke8 36. Rxg7 Kd8 37. Rg8+ Kd7 38. Rxc8 Kxc8 39. Rxc5+ Kb7 40. Rc1 1-0

[Event "*** Biggest EVER Titled Tuesday"]
[Site "Chess.com"]
[Date "2018.04.17"]
[Round "7"]
[White "NTBT_DHS"]
[Black "Godzillator"]
[Result "1-0"]
[WhiteElo "2516"]
[BlackElo "2295"]
[TimeControl "180+2"]
[EndTime "14:38:02 PDT"]
[Termination "NTBT_DHS won by resignation"]

1. d4 d5 2. c4 c6 3. Nf3 Nf6 4. Nc3 a6 5. c5 Bg4 6. Bf4 Bxf3 7. gxf3 g6 8. Qb3 Qc8 9. h4 h5 10. Bh3 e6 11. e4 Nbd7 12. O-O-O Bh6 13. Bg5 Bxg5+ 14. hxg5 Ng8 15. f4 Qc7 16. f5 gxf5 17.
exf5 exf5 18. Rde1+ Ne7 19. Kb1 Kd8 20. Re2 Rb8 21.
Rhe1 Ng6 22. Bxf5 Qf4 23. Qc2 Qxg5 24. Na4 h4 25. Bxd7 Kxd7 26. Nb6+ Kd8 27. Qc3 h3 28. Qa5 h2 29. Nxd5+ b6 30. Nxb6 Qf5+ 31. Ka1 Rb7 32. Nc4+ Kd7 33. Qxa6 Rhb8 34. Nb6+ Rxb6 35. cxb6 Kd6 36.
Qa3+ c5 37. dxc5+ Qxc5 38. Qg3+ Kc6 39. Qxb8 Ne5 40. Qc7+ Kb5 41. Qxc5+ Kxc5 42. Rxe5+ Kd4 43. Rh5 1-0

[Event "*** Biggest EVER Titled Tuesday"]
[Site "Chess.com"]
[Date "2018.04.17"]
[Round "7"]
[White "grzechu96"]
[Black "ABDELAZEEZ-M"]
[Result "1-0"]
[WhiteElo "2468"]
[BlackElo "2312"]
[TimeControl "180+2"]
[EndTime "14:38:05 PDT"]
[Termination "grzechu96 won by checkmate"]

1. e4 c5 2. Nf3 Nc6 3. Bb5 g6 4. Bxc6 bxc6 5. O-O Bg7 6. Re1 e5 7. c3 Ne7 8. d4 cxd4 9. cxd4 exd4 10. Nxd4 O-O 11. Nc3 d5 12. exd5 cxd5 13. Bg5 f6 14. Bf4 Kh8 15. Qd2 g5 16. Bg3 Ng6 17. Nc6 Qb6 18.
Ne7 Nxe7 19. Rxe7 d4 20. Ne2 Qc5 21. Rc7 Qb6 22. Qxd4 Qe6 23. Nc3 Ba6 24. Rd1 h5 25. h4 gxh4 26. Qxh4 Qf5 27. Rd5 Qg6 28. Rxh5+ Kg8 29.
Ra5 Bd3 30. Rd5 Rae8 31. Rdd7 Re1+ 32. Kh2 Bh8 33. Rxd3 Bg7 34. Rdd7 Bh6 35. Rh7 Bg5 36. Rh8# 1-0

[Event "*** Biggest EVER Titled Tuesday"]
[Site "Chess.com"]
[Date "2018.04.17"]
[Round "7"]
[White "Robert_Chessmood"]
[Black "LawrenceTrent"]
[Result "1-0"]
[WhiteElo "2753"]
[BlackElo "2521"]
[TimeControl "180+2"]
[EndTime "14:38:08 PDT"]
[Termination "Robert_Chessmood won by resignation"]

1. e4 e5 2. Nf3 Nc6 3. Nc3 Nf6 4. d4 exd4 5. Nxd4 Bb4 6. Nxc6 bxc6 7. Bd3 O-O 8. O-O Re8 9. Bg5 h6 10. Bh4 Rb8 11.
f4 Be7 12. b3 d5 13. e5 Ng4 14. Bxe7 Qxe7 15. Qe1 h5 16. h3 Nh6 17. Na4 Bf5 18.
Qf2 a5 19. Rae1 h4 20. Qc5 Bxd3 21. Qxe7 Rxe7 22. cxd3 Nf5 23. Rc1 Nd4 24. Kf2 f6 25. Rfe1 Rbe8 26. exf6 Re2+ 27. Kf1 gxf6 28. Rxe2 Rxe2 29.
Rxc6 Rxa2 30. Rxc7 Nxb3 31. Nb6 a4 32. Nxd5 a3 33. Ra7 Ra1+ 34. Kf2 Ra2+ 35. Kf3 f5 36.
Ne7+ Kf8 37. Nxf5 Nd2+ 38. Kg4 Nb1 39. Nxh4 Rd2 40. f5 Rxd3 41. Ng6+ Ke8 42. f6 Rd7 43.
Ra8+ Rd8 44. Rxd8+ Kxd8 45. f7 1-0

[Event "*** Biggest EVER Titled Tuesday"]
[Site "Chess.com"]
[Date "2018.04.17"]
[Round "7"]
[White "saraswathii"]
[Black "FMJoseHerrera"]
[Result "0-1"]
[WhiteElo "2259"]
[BlackElo "2456"]
[TimeControl "180+2"]
[EndTime "14:38:10 PDT"]
[Termination "FMJoseHerrera won by resignation"]

1. e4 c5 2. d3 e6 3. Nf3 Qc7 4. g3 d6 5. Bg2 Nd7 6. O-O Ngf6 7. Qe2 Be7 8. c3 Rb8 9. d4 b5 10. e5 Nd5 11. Nbd2 O-O 12. exd6 Bxd6 13. Ne4 Be7 14. Nfg5 h6 15. Nh3 cxd4 16. cxd4 Qc4 17.
Qxc4 bxc4 18. Nc3 Nb4 19. Bf4 Rb6 20. Rad1 Nf6 21. Be3 Nbd5 22. Nxd5 Nxd5 23. Rd2 Ba6 24. Rc1 Rfb8 25. Bxd5 exd5 26. Nf4 Rxb2 27. Nxd5 Bd8 28. Rdc2 Rxc2 29. Rxc2 Rb1+ 30. Rc1 Rb2 31. Nc3 Ba5 32. d5 Kf8 33. Na4 Rxa2 34. Nc5 Bc8 35. Rxc4 Bh3 36.
Rc1 Bb6 37. d6 Ke8 38. Re1 Kd8 39. Nb7+ Kd7 40. Nc5+ Kxd6 41. Ne4+ Kc6 42. Rc1+ Kd7 43. Rd1+ Ke7 44. Bxb6 axb6 45. Nd6 Rc2 46. Nb5 g6 47. Nd4 Rb2 48. Nc6+ Kf6 49. Nd4 b5 50. Nc6 b4 51.
Nd4 h5 0-1

[Event "*** Biggest EVER Titled Tuesday"]
[Site "Chess.com"]
[Date "2018.04.17"]
[Round "7"]
[White "Karina_Oparina"]
[Black "Nutflush"]
[Result "1-0"]
[WhiteElo "2151"]
[BlackElo "2039"]
[TimeControl "180+2"]
[EndTime "14:38:15 PDT"]
[Termination "Karina_Oparina won on time"]

1. d4 Nf6 2. Nf3 d5 3. c4 e6 4. Nc3 Be7 5. Bf4 O-O 6. e3 c5 7. dxc5 Bxc5 8. Rc1 Bb4 9. a3 Bxc3+ 10. Rxc3 Nbd7 11.
c5 Ne4 12. Rc2 Qa5+ 13. Nd2 e5 14. Bg3 f6 15. Be2 b6 16. c6 Nb8 17. b4 Qxa3 18. Nxe4 dxe4 19. Qd5+ Kh8 20. c7 Na6 21. Qxa8 Nxb4 22. Rd2 Qa1+ 23. Bd1 Nd3+ 24. Rxd3 exd3 25. O-O Qa3 26. e4 d2 27. f4 Ba6 28. Qxa7 Rc8 29.
Qxb6 Bxf1 30. Kxf1 Qd3+ 31. Kf2 Qxe4 32. fxe5 f5 33. Qe6 Qd4+ 34. Kf1 Qd3+ 35. Kf2 Qd4+ 36.
Kf1 Qd3+ 37. Kg1 Qd4+ 38. Bf2 1-0

[Event "*** Biggest EVER Titled Tuesday"]
[Site "Chess.com"]
[Date "2018.04.17"]
[Round "7"]
[White "2165149677570"]
[Black "toad"]
[Result "0-1"]
[WhiteElo "2112"]
[BlackElo "2210"]
[TimeControl "180+2"]
[EndTime "14:38:16 PDT"]
[Termination "toad won by resignation"]

1. e4 c5 2. Nf3 d6 3. Bb5+ Nd7 4.
a4 a6 5. Be2 e6 6. d4 cxd4 7.
Qxd4 Ngf6 8. O-O Be7 9. Nc3 O-O 10. a5 b5 11. axb6 Qxb6 12. Qd1 Bb7 13. Bd3 Nc5 14. Be3 Qc7 15. Nd2 Nxd3 16. cxd3 d5 17. Qc1 Rfd8 18. Nxd5 Nxd5 19. exd5 Qxc1 20. Rfxc1 Bxd5 21. Nc4 Bf6 22. Nb6 Bxb2 23. Nxa8 Bxc1 24. Nc7 Bxe3 25.
fxe3 Bb7 26. Rb1 Bc6 27. Nxa6 g6 28. Nc5 Rd5 29. d4 e5 30. Rb6 Bd7 31. Rb8+ Kg7 32.
Rd8 Bc6 33. Rxd5 Bxd5 34. dxe5 g5 35. Kf2 Kf8 36. e4 Ba2 37. Kg3 h5 38. Nd7+ Ke7 39. Nf6 Ke6 40. Nxh5 Kxe5 41. Kf3 Bb1 42. Ng3 Bc2 43.
Kg4 f6 44. h3 Bd1+ 45. Ne2 Bxe2+ 46. Kg3 Kxe4 47. Kf2 Bd1 0-1

[Event "*** Biggest EVER Titled Tuesday"]
[Site "Chess.com"]
[Date "2018.04.17"]
[Round "7"]
[White "Imre91"]
[Black "ShimanovAlex"]
[Result "0-1"]
[WhiteElo "2690"]
[BlackElo "2733"]
[TimeControl "180+2"]
[EndTime "14:38:17 PDT"]
[Termination "ShimanovAlex won on time"]

1. d4 Nf6 2. Bg5 Ne4 3. Bf4 Nc6 4. Nf3 d5 5. Nbd2 Bf5 6. e3 e6 7. Nxe4 Bxe4 8. Bb5 Bd6 9. O-O O-O 10. c3 Ne7 11.
Bd3 Ng6 12. Bg3 f5 13. c4 Qf6 14. Bxe4 fxe4 15. Nd2 Bxg3 16. fxg3 Qg5 17. Qb3 c6 18. Rae1 Qe7 19. a3 Nh8 20. Qd1 Nf7 21. Rf4 Nd6 22. Ref1 b5 23. c5 Nf5 24. Qe1 g5 25.
R4f2 Qc7 26. g4 Nh4 27. Nb3 Rxf2 28. Qxf2 Ng6 29. Qf6 Re8 30. Qxg5 a5 31. h4 a4 32. h5 axb3 33. hxg6 Qg7 34. gxh7+ Kh8 35. Qh5 Rf8 36.
Rxf8+ Qxf8 37. g5 e5 0-1

[Event "*** Biggest EVER Titled Tuesday"]
[Site "Chess.com"]
[Date "2018.04.17"]
[Round "7"]
[White "patzerplay"]
[Black "Jbd735"]
[Result "0-1"]
[WhiteElo "2302"]
[BlackElo "2312"]
[TimeControl "180+2"]
[EndTime "14:38:22 PDT"]
[Termination "Jbd735 won by resignation"]

1. e4 e5 2. Nf3 Nc6 3. Bb5 a6 4. Ba4 Nf6 5. O-O Be7 6. Re1 b5 7. Bb3 d6 8. c3 O-O 9. a4 Rb8 10. axb5 axb5 11. d4 exd4 12. cxd4 Bg4 13. d5 Ne5 14.
Nbd2 Nd3 15. Re3 Nxc1 16. Rxc1 Nd7 17. h3 Bh5 18. Bc2 Bg5 19. Rc3 Bf6 20. Rc6 Bxb2 21. Rb1 Bf6 22. g4 Bg6 23. Bd3 b4 24. Nb3 Re8 25.
Qc2 Rb7 26. Rc1 Ne5 27. Be2 Nxc6 28. Qxc6 Ra7 29. Rc4 Rxe4 30. Nbd4 h5 31. Bd3 Rxd4 32. Nxd4 Bxd3 33. Rxb4 hxg4 34. hxg4 Ra1+ 35. Kg2 Be5 36. Nb3 Rb1 37. Ra4 Rxb3 38. Ra8 Rb8 39. Ra3 Qg5 40.
Qa4 Bg6 41. Rf3 Qh4 42. Rh3 Qf6 43. Rf3 Qg5 44. Rh3 Rf8 45. Qd7 Qf4 46. Kf1 Be4 47.
g5 Bf5 48. Rh4 Bxd7 49. Rxf4 Bxf4 50. Kg2 Bxg5 0-1

[Event "*** Biggest EVER Titled Tuesday"]
[Site "Chess.com"]
[Date "2018.04.17"]
[Round "7"]
[White "DrStephenStrange"]
[Black "Renegade_Hitman"]
[Result "1-0"]
[WhiteElo "1979"]
[BlackElo "2052"]
[TimeControl "180+2"]
[EndTime "14:38:22 PDT"]
[Termination "DrStephenStrange won on time"]

1. Nf3 d5 2. c4 c5 3. cxd5 Nf6 4. e4 e6 5. dxe6 Bxe6 6. Nc3 Nc6 7. Bb5 Be7 8. d4 cxd4 9. Nxd4 Bd7 10. Nxc6 bxc6 11. Bc4 O-O 12. O-O Bb4 13. e5 Ng4 14. Qe2 Qe7 15. Bf4 Rae8 16. Rae1 Qc5 17. Bb3 Bxc3 18. bxc3 Qxc3 19. e6 Bxe6 20. Rc1 Qf6 21.
Bxe6 Qxf4 22. Qxg4 fxe6 23. Qxf4 Rxf4 24. Rxc6 Ra4 25.
Rc2 Kf7 26. Rb1 Re7 27. Kf1 e5 28. f3 e4 29. fxe4 Raxe4 30. Rb3 Rf4+ 31. Rf2 Rf6 32. Ra3 Kg6 33. Rxf6+ Kxf6 34. Kf2 Kf5 35. Kf3 Rc7 36.
Ra5+ Kf6 37. Ke4 Rc2 38. Kf3 Rc7 39. h3 g5 40. Kg4 Rc4+ 41. Kg3 Rc3+ 42. Kf2 Rc2+ 43.
Kf3 Rc3+ 44. Ke4 Rc7 45. Ra6+ Kg7 46. g4 1-0

[Event "*** Biggest EVER Titled Tuesday"]
[Site "Chess.com"]
[Date "2018.04.17"]
[Round "7"]
[White "Eliwood44"]
[Black "hblanco"]
[Result "0-1"]
[WhiteElo "2123"]
[BlackElo "2322"]
[TimeControl "180+2"]
[EndTime "14:38:23 PDT"]
[Termination "hblanco won by checkmate"]

1. d4 Nf6 2. Nf3 e6 3. e3 c5 4. Bd3 b6 5. O-O Bb7 6. c4 d5 7.
cxd5 exd5 8. Ne5 Be7 9. Bb5+ Nfd7 10. Qg4 Bf6 11. Nc3 a6 12. Bxd7+ Nxd7 13. f4 c4 14. b3 b5 15. bxc4 dxc4 16. Ba3 Qc7 17.
e4 O-O-O 18. Nxf7 Bxd4+ 19. Kh1 Bxc3 20. Rac1 b4 21. e5 Bd2 22. Rc2 bxa3 23. Rxd2 Kb8 24. Nxh8 c3 25. Rd6 c2 26. Rc1 Qc3 27. Rxd7 Rxd7 28.
Qxd7 Qe3 29. Rd1 c1=Q 30. Qd6+ Ka7 31. h3 Qe2 32. Qd4+ Kb8 33. Qd6+ Qc7 34. Qf8+ Ka7 35. Rg1 Qf2 36. Qxa3 Qc6 37. Qd6 Qcxg2+ 38. Rxg2 Qxg2# 0-1

[Event "*** Biggest EVER Titled Tuesday"]
[Site "Chess.com"]
[Date "2018.04.17"]
[Round "7"]
[White "DrRiebert"]
[Black "TastyFrenchFries"]
[Result "0-1"]
[WhiteElo "2516"]
[BlackElo "2351"]
[TimeControl "180+2"]
[EndTime "14:38:24 PDT"]
[Termination "TastyFrenchFries won by resignation"]

1. b3 Na6 2. Bb2 Nh6 3. Nf3 d6 4. g3 e5 5. Bg2 f6 6. d4 Nf7 7. e4 g6 8. c4 Bg7 9. Nc3 O-O 10. O-O c6 11. Qc2 Nb4 12. Qd2 Na6 13. Qc2 Nb4 14.
Qd2 Na6 15. a3 Nc7 16. Rad1 Qe7 17. Nh4 Bg4 18. Nf3 Bd7 19. Nh4 Bg4 20. Nf3 Bc8 21. Rfe1 Bd7 22. b4 Rfd8 23. d5 Rac8 24. dxc6 bxc6 25.
Qe3 Ra8 26. Nd2 Be6 27. Bf1 d5 28. exd5 cxd5 29. cxd5 Nxd5 30. Nxd5 Bxd5 31. Nc4 Qe6 32.
Na5 Ng5 33. Bg2 Bxg2 34. Kxg2 Qh3+ 35. Kh1 Qg4 36. Rc1 Rd7 37. Rc4 Qf5 38. f4 Rd3 39. Qe2 exf4 40. Rc5 f3 41. Qc2 f2 42. Rxf5 fxe1=Q+ 43. Kg2 Rd2+ 44. Qxd2 Qxd2+ 45. Rf2 Qxf2+ 46. Kxf2 Ne4+ 47. Ke3 0-1